 Dungeon Crawl Stone Soup version 0.23.0 (webtiles) character file.

Game seed: 17745880146522768864

615 Kisielow the Cudgeler (level 7, -2/61 HPs)
             Began as a Minotaur Fighter on Feb 19, 2019.
             Succumbed to an orc warrior's poison
             ... on level 4 of the Dungeon.
             The game lasted 00:03:50 (3127 turns).

Kisielow the Cudgeler (Minotaur Fighter)            Turns: 3127, Time: 00:03:50

Health: -2/61      AC:  7    Str: 22    XL:     7   Next: 21%
Magic:  6/6        EV:  7    Int:  5    God:
Gold:   109        SH: 10    Dex: 10    Spells: 6/6 levels left

rFire    . . .     SeeInvis .   a - +0 flail
rCold    . . .     Gourm    +   c - +0 shield
rNeg     . . .     Faith    .   b - +0 scale mail
rPois    .         Spirit   .   (helmet restricted)
rElec    .         Reflect  .   (no cloak)
rCorr    .         Harm     .   (no gloves)
MR       .....                  (no boots)
Stlth    ..........             r - amulet of the gourmand
HPRegen  0.20/turn              o - ring of wizardry
MPRegen  0.10/turn              (no ring)

@: lethally poisoned (-2 -> -35)
A: retaliatory headbutt, horns 2
a: no special abilities


You were on level 4 of the Dungeon.
You were completely stuffed.

You visited 1 branch of the dungeon, and saw 4 of its levels.

You collected 109 gold pieces.

Inventory:

Hand Weapons
 a - a +0 flail (weapon)
Armour
 b - a +0 scale mail (worn)
 c - a +0 shield (worn)
Jewellery
 o - a ring of wizardry (left hand)
 r - an amulet of the gourmand (around neck)
Scrolls
 e - 2 scrolls of remove curse {unknown}
 i - a scroll of fog {unknown}
 j - 2 scrolls of identify {unknown}
 l - a scroll of immolation {unknown}
 s - a scroll of teleportation {unknown}
Potions
 d - a potion of might
 g - a potion of mutation {unknown}
 h - a potion of magic {unknown}
 k - a potion of flight {unknown}
 m - a potion of degeneration {unknown}
 n - a potion of agility {unknown}
 p - a potion of brilliance {unknown}
 q - 2 potions of ambrosia {unknown}
Comestibles
 f - 8 rations
 t - 2 chunks of flesh


   Skills:
 + Level 5.1 Fighting
 * Level 7.3 Maces & Flails
 + Level 5.1 Armour
 + Level 5.1 Shields


You had 6 spell levels left.
You didn't know any spells.
Your spell library was empty.

Dungeon Overview and Level Annotations

Branches:
Dungeon (4/15)
 Temple: D:4-7

Altars:
Elyvilon
Fedhas
Sif Muna
Xom


Innate Abilities, Weirdness & Mutations

You reflexively headbutt those who attack you in melee.
You have a pair of horns on your head.


Message History

You closely miss the orc warrior.
The orc warrior is almost dead.
* * * LOW HITPOINT WARNING * * *
You feel very sick. The orc closely misses you.
The orc wizard hits you but does no damage.
The orc priest miscasts a cantrip.
The orc warrior hits you with a +1 trident of venom!
* * * LOW HITPOINT WARNING * * *
You are more poisoned.
You barely miss the orc warrior.
The orc warrior is almost dead.
* * * LOW HITPOINT WARNING * * *
You feel very sick. You block the orc's attack.
The orc wizard hits you but does no damage.
The orc warrior closely misses you. You block the orc's attack.
You barely miss the orc warrior.
The orc warrior is almost dead.
You die...

.# .# .# .# .# o#
###o# #)@o# #o###
#.# ##########
####.###.........
#(.....<.##...##
#.#####..#...(.##
#
#.........######
#........(......
#.#.......######


You could see an orc warrior, an orc priest, an orc wizard and an orc.

Vanquished Creatures
  2 phantoms
  2 ogres (D:4)
  A scorpion (D:4)
  A hound (D:4)
  Jessica (D:3)
  2 worker ants (D:4)
  2 adders (D:2)
  An ooze (D:1)
  4 worms
  3 dart slugs
  3 leopard geckos
  3 orcs
  A giant cockroach (D:1)
  11 goblins
  10 hobgoblins
  2 jackals (D:3)
  12 kobolds
  2 quokkas
  A ball python (D:2)
  8 bats
  5 frilled lizards
  8 rats
85 creatures vanquished.

Notes
Turn   | Place    | Note
-------+----------+-------------------------------------------
     0 | D:1      | Kisielow the Minotaur Fighter began the quest for the Orb.
     0 | D:1      | Reached XP level 1. HP: 19/19 MP: 0/0
    83 | D:1      | Reached skill level 3 in Maces & Flails
   110 | D:1      | Reached XP level 2. HP: 25/26 MP: 1/1
   218 | D:1      | Reached skill level 4 in Maces & Flails
   333 | D:1      | Reached XP level 3. HP: 30/31 MP: 2/2
   775 | D:2      | Reached skill level 5 in Maces & Flails
  1121 | D:2      | Reached XP level 4. HP: 28/40 MP: 3/3
  1524 | D:2      | Found a shimmering altar of Xom.
  1524 | D:2      | Found a faded altar of an unknown god.
  1529 | D:2      | Found a faded altar of an unknown god.
  1531 | D:2      | Found a blossoming altar of Fedhas.
  1532 | D:2      | Found a white marble altar of Elyvilon.
  1673 | D:3      | Noticed a phantom
  1684 | D:3      | Killed a phantom
  1684 | D:3      | Reached XP level 5. HP: 25/46 MP: 4/4
  2178 | D:3      | Reached skill level 6 in Maces & Flails
  2354 | D:3      | Noticed Jessica
  2366 | D:3      | Killed Jessica
  2526 | D:3      | Found a deep blue altar of Sif Muna.
  2640 | D:4      | Reached XP level 6. HP: 53/53 MP: 5/5
  2834 | D:4      | Reached skill level 5 in Fighting
  2834 | D:4      | Reached skill level 7 in Maces & Flails
  2834 | D:4      | Reached skill level 5 in Armour
  2834 | D:4      | Reached skill level 5 in Shields
  2834 | D:4      | Reached XP level 7. HP: 39/61 MP: 6/6
  3126 | D:4      | HP: 2/61 [poisoned by an orc warrior]
  3127 | D:4      | Succumbed to an orc warrior's poison

Skill      XL: |  1  2  3  4  5  6 |
---------------+-------------------+-----
Maces & Flails | 3 4 5 6 7 |  7.3
Fighting       | 4 5 |  5.1
Armour         | 4 5 |  5.1
Shields        | 4 5 |  5.1

Action                   |  1- 3 |  4- 6 |  7- 9 || total
-------------------------+-------+-------+-------++-------
Melee: Flail             |    95 |    93 |    28 ||   216
       Headbutt          |    15 |    20 |       ||    35
  Eat: Chunk             |     1 |    20 |     1 ||    22
Armor: Scale mail        |    35 |    24 |    10 ||    69
Dodge: Dodged            |    27 |    20 |    11 ||    58
Block: Shield            |    42 |    43 |    19 ||   104
